 Dungeon Crawl Stone Soup version 0.27.1-2-g3b301248ec (console) character file.

Game seed: 5602463958594265180

108 om the Magician (level 5, 0/35 HPs)
             Began as a Djinni Fire Elementalist on Sept 24, 2021.
             Slain by an iguana (5 damage)
             ... on level 3 of the Dungeon.
             The game lasted 00:07:50 (3332 turns).

om the Magician (Djinni Fire Elementalist)          Turns: 3332, Time: 00:07:50

Health: 0/35       AC:  3    Str:  8    XL:     5   Next: 12%
Gold:   164        EV: 12    Int: 17    God:
                   SH:  0    Dex: 13

rFire    + + .     SeeInvis .   c - +1 dagger (vamp)
rCold    x . .     Faith    .   (no shield)
rNeg     . . .     Spirit   .   a - +0 robe
rPois    ∞         Reflect  .   (no helmet)
rElec    .         Harm     .   l - +0 cloak
rCorr    .         Rampage  .   (no gloves)
Will     .....                  (boots unavailable)
Stlth    ++........             (no amulet)
HPRegen  0.11/turn              (no ring)
MPRegen  0.00/turn              (no ring)

@: flying
A: sickness immunity, fire resistance 2, cold vulnerability 1, float, innate
caster, hp casting, extra vitality 1
a: no special abilities


You were on level 3 of the Dungeon.
You visited 1 branch of the dungeon, and saw 4 of its levels.

You collected 164 gold pieces.

Inventory:

Hand Weapons
 c - a +1 vampiric dagger (weapon)
 k - a +2 dagger of venom
Armour
 a - a +0 robe (worn)
 l - a +0 cloak (worn)
Magical Staves
 d - a staff of death
 h - a staff of air
Scrolls
 j - a scroll of teleportation
Potions
 b - a potion of might
 e - a potion of invisibility {unknown}
 g - a potion of curing


   Skills:
 - Level 3.0 Dodging
 - Level 3.0 Stealth
 + Level 3.3 Spellcasting


You couldn't memorise any spells.
You knew the following spells:

 Your Spells              Type           Power      Damage    Failure   Level
a - Foxfire               Conj/Fire      56%        2x1d6     4%          1
b - Conjure Flame         Conj/Fire      14%        6-21      13%         3
c - Inner Flame           Hex/Fire       14%        N/A       13%         3
d - Sticky Flame          Conj/Fire      14%        2d4       41%         4
e - Fireball              Conj/Fire      7%         3d5       77%         5
f - Beastly Appendage     Tmut           28%        N/A       4%          1
g - Ensorcelled Hibernat  Hex/Ice        28%        N/A       7%          2
Your spell library was empty.

Dungeon Overview and Level Annotations

Branches:
Dungeon (4/15)
 Temple: D:4-7

Altars:
Qazlal


Innate Abilities, Weirdness & Mutations

You are immune to sickness and miasma.
You are immune to poison.
Your flesh is very heat resistant. (rF++)
You are vulnerable to cold. (rC-)
You float through the air rather than walking.
You learn spells naturally, not from books.
Your magical power is your life essence.
You have superior vitality. (+4 HP)


Message History

There is a stone staircase leading up here.
There is a stone staircase leading down here.
You fly downwards.
Found a pair of glowing gloves, 9 gold pieces, a scroll labelled JOVATU OHOAD and 19 arrows.
There is a stone staircase leading up here.
There are monsters nearby!
The iguana hisses angrily.
A goblin comes into view. It is wielding a +0 club.
An endoplasm comes into view.
The helpless endoplasm fails to defend itself.
You puncture the endoplasm!
You kill the endoplasm!
The goblin shouts!
The endoplasm quivers.
The iguana bites you.
There is a stone staircase leading up here.
The iguana closely misses you. The iguana barely misses you.
The endoplasm freezes you.
You are frozen.
The iguana bites you!
You fly upwards.
There is a stone staircase leading down here.
Casting: Beastly Appendage (safe; 4% risk of failure)
Confirm with . or Enter, or press ? or * to list all spells.
Aiming: Ensorcelled Hibernation (safe; 7% risk of failure)
Press: ? - help, Shift-Dir - straight line, f - iguana
Aim: an iguana (chance to affect: 53%)
The iguana looks drowsy...
The endoplasm barely misses you.
The helpless iguana fails to defend itself.
You hit the iguana.
You feel better.
The iguana is heavily wounded.
The endoplasm freezes you.
You are frozen.
You feel a terrible chill! The iguana closely misses you.
You barely miss the iguana.
The iguana is heavily wounded.
The endoplasm freezes you.
You are frozen.
You feel a terrible chill!
* * * LOW HITPOINT WARNING * * *
The iguana bites you.
You die...

#.# #...# #.#.# #.###.###### #.#
#.#.# #.#<### #.# #.# ##.## #.#.#
#.#...# #.# #.# ....# #.#.#
#.###.# ##.###.# ##..###.#.# #.#
#.###.#.##.#
......#.#.###.###.##.###.#.###
##................#.## ##....#
........#.#######.##.###.#.#.####
###.###.#.# #.###.#.##.#..... #
#.# #.#.# ##J####.###.#.####
###.# #.#.# #@..........#.# ##
....# #.#.######.l##########.###.
##### #.#.........# ##### #.##.#
# #.########..###>..## #.#.##
#.########..##.....# #..##( #
#..................###.....
#######.#####.##..##.....##.#####
........# #.##..###.....÷......
######### #.##..# ########..... #
############.######.#.#.
§§§§§§§§§§§#.##.........


You could see an iguana and an endoplasm.

Vanquished Creatures
  Terence (D:3)
  Robin (D:2)
  An adder skeleton (D:3)
  A worm (D:3)
  A dart slug (D:1)
  5 endoplasms
  2 giant cockroaches (D:3)
  13 goblins
  6 hobgoblins
  3 jackals (D:3)
  7 kobolds
  2 quokkas (D:1)
  3 ball pythons
  6 bats
  3 frilled lizards
  4 rats
59 creatures vanquished.

Vanquished Creatures (collateral kills)
  A frilled lizard (D:2)
1 creature vanquished.

Vanquished Creatures (others)
  89 foxfires
89 creatures vanquished.

Grand Total: 149 creatures vanquished

Notes
Turn   | Place    | Note
-------+----------+-------------------------------------------
     0 | D:1      | om the Djinni Fire Elementalist began the quest for the
                  | Orb.
     0 | D:1      | Reached XP level 1. HP: 15/15 MP: 0/0
   102 | D:1      | Reached XP level 2. HP: 19/21 MP: 0/0
   357 | D:1      | Found a faded altar of an unknown god.
   493 | D:1      | Reached XP level 3. HP: 25/25 MP: 0/0
   493 | D:1      | Learned a level 1 spell: Beastly Appendage
  1155 | D:2      | Noticed Robin
  1298 | D:2      | Killed Robin
  1299 | D:2      | Reached XP level 4. HP: 6/31 MP: 0/0
  2906 | D:3      | Found a stormy altar of Qazlal.
  3170 | D:3      | Noticed Terence
  3185 | D:3      | Killed Terence
  3186 | D:3      | Reached XP level 5. HP: 29/35 MP: 0/0
  3186 | D:3      | Learned a level 2 spell: Ensorcelled Hibernation
  3332 | D:3      | Slain by an iguana

Illustrated notes

Levels and vault maps discovered:
D:1:      saegor_arrival_simple_e, layout_basic,
          shapermc_ecumenical_altar_acropolis
D:2:      layout_basic, uniq_robin
D:3:      layout_loops_ring, nicolae_qazlal_eye_of_the_storm,
          minmay_misc_feat_columns, minmay_cut_off, uniq_terence
D:4:      layout_basic, mainiacjoe_overflow_boulevard, minitemple,
          minmay_fractal_squares_5, uniq_eustachio

Skill      XL: |  1  2  3  4 |
---------------+-------------+-----
Dodging        | 3 |  3.0
Stealth        | 2 3 |  3.0
Spellcasting   | 3 |  3.3

Action                   |  1- 3 |  4- 6 || total
-------------------------+-------+-------++-------
Melee: Dagger            |    34 |   109 ||   143
       Unarmed           |     1 |       ||     1
       Headbutt          |       |     8 ||     8
 Cast: Foxfire           |    40 |    12 ||    52
       Conjure Flame     |     1 |     3 ||     4
       Beastly Appendage |       |     5 ||     5
       Ensorcelled Hiber |       |     1 ||     1
  Use: Scroll            |     1 |     4 ||     5
       Potion            |       |     1 ||     1
 Stab: Sleeping          |       |     6 ||     6
Armor: Robe              |    12 |    20 ||    32
Dodge: Dodged            |    30 |    72 ||   102
